 Dungeon Crawl Stone Soup version 0.28-b1-25-g9875b3fc8c (webtiles) character file.

Game seed: 2308512943016155421

1648 MisterFreud the Basher (level 8, 0/77 (80) HPs)
             Began as a Troll Berserker on Feb 2, 2022.
             Was a Priest of Trog.
             Slain by a wight (4 damage)
             ... on level 7 of the Dungeon.
             The game lasted 00:07:49 (4958 turns).

MisterFreud the Basher (Troll Berserker)            Turns: 4958, Time: 00:07:50

HP:   0/77 (80)     AC:  5    Str: 26    XL:     8   Next: 67%
MP:   7/7           EV: 13    Int:  5    God:    Trog [***...]
Gold: 285           SH:  0    Dex: 21    Spells: 7/7 levels left

rFire   + . .      SeeInvis .   d - +2 mace (vorpal)
rCold   + . .      Faith    .   (no shield)
rNeg    . . .      Spirit   .   y - +1 robe {rC+ rF+}
rPois   .          Reflect  .   (helmet restricted)
rElec   .          Harm     .   (no cloak)
rCorr   .          Rampage  .   (gloves unavailable)
Will    ++...                   (boots unavailable)
Stlth   ++........              (no amulet)
HPRegen 2.02/turn               e - +6 ring of dexterity
MPRegen 0.10/turn               m - +6 ring of dexterity

@: strong-willed, regenerating, lightly drained
A: large, unfitting armour, claws 3, regeneration 1, shaggy fur 1, tough skin 1
a: Renounce Religion, Berserk, Trog's Hand


You were on level 7 of the Dungeon.
You worshipped Trog.
Trog was most pleased with you.
You visited 2 branches of the dungeon, and saw 8 of its levels.

You collected 285 gold pieces.

Inventory:

Hand Weapons
 a - a +0 mace
 d - a +2 vorpal mace (weapon)
 j - a +0 morningstar
 t - a +0 vorpal giant spiked club
Missiles
 g - 6 boomerangs (quivered)
 k - 2 javelins
 p - 2 curare-tipped darts
 q - 12 poisoned darts
 v - 2 throwing nets
Armour
 y - a +1 robe of resistance (worn)
Jewellery
 c - a ring of ice
 e - a +6 ring of dexterity (left claw)
 m - a +6 ring of dexterity (right claw)
 s - an amulet of reflection
 u - a +6 ring of strength
Wands
 w - a wand of flame (9)
Scrolls
 h - 2 scrolls of fog
 i - a scroll of teleportation
 A - a scroll of noise
Potions
 f - 4 potions of curing
 l - a potion of flight
 o - a potion of lignification
 r - a potion of resistance
 x - a potion of magic {unknown}


   Skills:
 - Level 5.0 Fighting
 + Level 8.0 Maces & Flails
 + Level 0.4 Throwing
 - Level 5.0 Dodging


You had 7 spell levels left.
You didn't know any spells.
Your spell library was empty.

Dungeon Overview and Level Annotations

Branches:
Dungeon (7/15)             Temple (1/1) D:5

Altars:
Hepliaklqana
Wu Jian

Shops:
D:4 =   D:5 [   D:7 *


Innate Abilities, Weirdness & Mutations

You are too large for most types of armour.
You have claws for hands.
Your natural rate of healing is unusually fast.
You are covered in fur. (AC +1)
You have tough skin. (AC +1)


Message History

* * * LOW HITPOINT WARNING * * *
Something hits you.
* * * LOW HITPOINT WARNING * * *
You hit something but do no damage. Something hits you but does no damage.
Something hits you!
* * * LOW HITPOINT WARNING * * *
You feel much better. Something hits you.
You barely miss the wight.
The wight is severely damaged.
The wight hits you with a +3 long sword!
You hit the wight but do no damage.
The wight is severely damaged.
The wight hits you with a +3 long sword!
* * * LOW HITPOINT WARNING * * *
You hit the wight.
The wight is almost destroyed.
The wight barely misses you.
You completely miss the wight.
The wight is almost destroyed.
The wight hits you with a +3 long sword.
* * * LOW HITPOINT WARNING * * *
You sock the wight!
You destroy the wight!
Trog accepts your kill.
Something hits you but does no damage. x2
Training target 5.0 for Fighting reached!
Your Fighting skill increases to level 5!
You need to enable at least one skill for training.
You hit something. Something hits you but does no damage. Something hits you!
* * * LOW HITPOINT WARNING * * *
The wight barely misses you.
Things that are here:
a +3 long sword; a +0 robe You sock something!
Something hits you.
* * * LOW HITPOINT WARNING * * *
The wight hits you with a +0 morningstar!
* * * LOW HITPOINT WARNING * * *
You feel drained.
You die...

.........# #.#.#
.........# ##.#.##
.........# #.###.#
.........# ##.#.##
.........# #.#.#
.........# ##.#.##
#........# #.###.#
#####..## ##.#.##
#...#### #.#.#@#
⌠.<.⌠## ##.#z## ......#
#.###)# <.⌠.>.# ##.#.##
....).#..###.#.#.###
⌠...⌠##............#
#...####......z.......
##'###...###...........
.....z.#####...######..


You could see a wight.

Vanquished Creatures
  Menkaure (D:5)
  A sky beast (D:4)
  4 ice beasts
  2 ogres
  2 black bears (D:6)
  A kobold brigand (D:7)
  A scorpion (D:4)
  A water moccasin skeleton (D:6)
  2 wights (D:7)
  A bullfrog zombie (D:5)
  A hound (D:6)
  3 jellies
  An orc priest (D:6)
  3 iguanas
  An orc wizard (D:5)
  A hound skeleton (D:4)
  5 adders
  An ufetubus (D:4)
  2 adder skeletons (D:4)
  2 worms
  7 dart slugs
  12 orcs
  8 endoplasms
  4 giant cockroaches (D:1)
  7 goblins
  2 hobgoblins
  3 jackals (D:1)
  14 kobolds
  2 quokkas
  5 ball pythons
  10 bats
  9 frilled lizards
  7 rats
126 creatures vanquished.

Vanquished Creatures (others)
  4 fungi (D:7)
  6 plants (D:7)
10 creatures vanquished.

Grand Total: 136 creatures vanquished

Notes
Turn   | Place    | Note
-------+----------+-------------------------------------------
     0 | D:1      | MisterFreud the Troll Berserker began the quest for the
                  | Orb.
     0 | D:1      | Reached XP level 1. HP: 22/22 MP: 0/0
    44 | D:1      | Reached skill level 3 in Maces & Flails
    69 | D:1      | Reached XP level 2. HP: 29/29 MP: 1/1
   316 | D:1      | Reached XP level 3. HP: 35/36 MP: 2/2
   443 | D:1      | Reached ** piety under Trog
   462 | D:1      | Reached skill level 4 in Maces & Flails
   879 | D:2      | Found a faded altar of an unknown god.
  1174 | D:2      | Reached XP level 4. HP: 35/44 MP: 3/3
  2140 | D:4      | Reached *** piety under Trog
  2178 | D:4      | Noticed an ogre
  2188 | D:4      | Killed an ogre
  2189 | D:4      | Reached skill level 5 in Maces & Flails
  2189 | D:4      | Reached XP level 5. HP: 39/50 MP: 4/4
  2322 | D:4      | Identified a scroll of acquirement
  2323 | D:4      | Acquired a +2 vorpal mace
  2407 | D:4      | Found Urreeses's Jewellery Emporium.
  2495 | D:4      | Reached XP level 6. HP: 34/59 MP: 5/5
  2890 | D:5      | Entered Level 5 of the Dungeon
  2961 | D:5      | Found an ornate altar of the Wu Jian Council.
  2981 | D:5      | Found a staircase to the Ecumenical Temple.
  3015 | D:5      | Found Ocerubb's Antique Armour Emporium.
  3028 | D:5      | Noticed a sky beast
  3067 | D:4      | Killed a sky beast
  3068 | D:4      | Reached skill level 6 in Maces & Flails
  3252 | D:5      | Noticed Menkaure
  3262 | D:5      | Killed Menkaure
  3263 | D:5      | Reached XP level 7. HP: 55/66 MP: 6/6
  3470 | Temple   | Entered the Ecumenical Temple
  3513 | D:6      | Reached skill level 5 in Dodging
  3585 | D:6      | Reached skill level 7 in Maces & Flails
  3964 | D:6      | Reached XP level 8. HP: 50/74 MP: 7/7
  4160 | D:6      | Reached skill level 8 in Maces & Flails
  4501 | D:7      | Found Yjinker's General Store.
  4955 | D:7      | Reached skill level 5 in Fighting
  4958 | D:7      | HP: 4/80 [wight (11)]
  4958 | D:7      | Slain by a wight

Illustrated notes

Levels and vault maps discovered:
D:1:      minmay_arrival_four_circles, layout_basic
D:2:      layout_rooms, serial_aquarium, aquarium_bridge_square
          [aquarium_subvault_wall, aquarium_subvault_balcony,
          aquarium_subvault_bridge, aquarium_subvault_bridge],
          aquarium_bridge_straight [aquarium_subvault_bridge,
          aquarium_subvault_balcony, aquarium_subvault_bridge,
          aquarium_subvault_wall], aquarium_window_1, aquarium_window_fake,
          aquarium_window_1, aquarium_window_corner, aquarium_view_2d,
          aquarium_view_4, aquarium_balcony_double_2, aquarium_pool_double,
          basic_ecumenical_altar
D:3:      minmay_chambers_of_twos, layout_basic, chequers_serial_rivers_room_b
D:4:      layout_basic, serial_corexii_hall, chequers_hall_statues_y,
          corexii_hall_statues_l, chequers_hall_statues_wall_a,
          corexii_hall_statues_t, serial_shops, shop, minmay_misc_feat_hallway,
          nicolae_zen_rock_garden
D:5:      layout_rooms, mainiacjoe_overflow_alcove_1,
          minmay_temple_entry_purple_smoke, serial_shops, nicolae_diamond_shop,
          columned_hall_lemuel, uniq_menkaure
D:6:      layout_basic
D:7:      layout_rooms, fedhas_altar_fruit_tree,
          nicolae_ru_the_path_less_chosen, grunt_ministairs_7,
          roderic_lattice_a, roderic_roman_lattice, nicolae_stop_n_shop_2
Temple:   nicolae_temple_elliptical

Skill      XL: |  1  2  3  4  5  6  7  8 |
---------------+-------------------------+-----
Maces & Flails | 3 4 5 6 7 8 |  8.0
Dodging        | 3 4 5 |  5.0
Fighting       | 5 |  5.0
Throwing       | |  0.4

Action                   |  1- 3 |  4- 6 |  7- 9 || total
-------------------------+-------+-------+-------++-------
Melee: Mace              |   124 |   159 |   127 ||   410
       Punch             |       |     1 |     1 ||     2
Invok: Berserk           |       |     3 |       ||     3
       Trog's Hand       |       |     1 |     2 ||     3
  Use: Scroll            |       |    11 |     7 ||    18
       Potion            |       |       |     1 ||     1
 Stab: Sleeping          |     1 |     2 |     1 ||     4
       Distracted        |       |       |     1 ||     1
Armor: Animal skin       |    59 |    44 |    35 ||   138
       Robe              |       |       |    11 ||    11
Dodge: Dodged            |   101 |    64 |    66 ||   231
